Map: Misty Swamp

Players

Metasapien

  • Race: Zerg Zerg
  • League: Platinum
  • Spawn Location: 12:00

Munabi

  • Race: Protoss Protoss
  • League: Diamond
  • Spawn Location: 3:00

Sharif

  • Race: Zerg Zerg
  • Spawn Location: 3:00

Wonderbread - Winner!

  • Race: Terran Terran
  • League: Platinum
  • Spawn Location: 12:00

bobsaget - Winner!

  • Race: Protoss Protoss
  • League: Diamond
  • Spawn Location: 9:00

Slugger - Winner!

  • Race: Protoss Protoss
  • Spawn Location: 9:00

VOD

Have the link to the VOD?

Description

Time

  • Played on: Sept. 24, 2017, 4:38 p.m.
  • Length: 18:50
Show
View Real Time Build Order
Export as new Build Order

Metasapien Zerg 

Build Orders: 3 Hatch before Pool, Swarm Host 

Get SALT Encoding   

  12  0:08  Overlord  
  12  0:54  Hatchery  
  11  0:59  Drone  
  11  1:02  Drone  
  13  1:22  Hatchery  
  12  1:39  Spawning Pool  
  11  1:42  Extractor  
  11  1:44  Drone  
  11  1:50  Drone  
  12  1:55  Drone  
  12  2:01  Drone  
  14  2:08  Drone  
  15  2:18  Drone x2  
  17  2:23  Drone  
  17  2:29  Drone  
  19  2:31  Drone  
  20  2:44  Queen  
  20  2:48  Drone  
  20  2:50  Drone  
  24  2:53  Drone  
  25  2:58  Metabolic Boost  
  25  3:06  Queen  
  27  3:15  Spine Crawler  
  27  3:19  Queen  
  28  3:24  Drone x2  
  30  3:27  Drone  
  30  3:32  Overlord  
  31  3:37  Overlord  
  31  3:43  Extractor  
  30  3:52  Drone x4  
  30  3:54  Drone x2  
  36  4:07  Lair  
  31  4:18  Spore Crawler x2  
  29  4:27  Spore Crawler  
  29  4:31  Drone x3, Spore Crawler  
  27  4:32  Drone x3, Spore Crawler  
  27  4:35  Spore Crawler  
  27  4:38  Extractor  
  30  4:40  Extractor  
  30  4:41  Drone x3  
  32  4:54  Drone x2  
  32  4:55  Drone  
  32  4:56  Drone x3  
  38  5:01  Zergling x2  
  38  5:02  Zergling x4  
  41  5:12  Hydralisk Den  
  40  5:18  Drone x4  
  40  5:19  Infestation Pit  
  43  5:22  Roach Warren  
  43  5:25  Drone x2  
  43  5:26  Drone  
  45  5:30  Queen  
  46  5:36  Zergling x8  
  46  5:40  Zergling x4  
  49  5:50  Zergling x4  
  43  6:10  Zergling x2  
  41  6:14  Overlord x2  
  41  6:15  Overlord  
  39  6:19  Spine Crawler  
  39  6:21  Spine Crawler  
  37  6:28  Spore Crawler  
  37  6:29  Spore Crawler  
  37  6:32  Zergling x2  
  35  6:33  Zergling x18  
  42  6:46  Drone  
  43  6:48  Drone x2  
  45  6:56  Queen x2  
  45  6:58  Queen  
  51  7:05  Drone x2  
  51  7:06  Drone  
  51  7:07  Drone x2  
  51  7:09  Drone x2  
  47  7:18  Roach x2  
  51  7:26  Spine Crawler  
  51  7:29  Spine Crawler  
  49  7:34  Drone x2  
  51  7:40  Hydralisk x3, Roach x3  
  51  7:41  Roach  
  65  7:46  Overlord  
  65  8:01  Zergling x4  
  50  8:20  Lair  
  50  8:25  Hydralisk Den  
  48  8:31  Spawning Pool  
  47  8:34  Drone x4  
  49  8:43  Hatchery  
  49  8:44  Zergling x6  
  44  8:49  Extractor  
  44  8:51  Extractor  
  41  8:59  Drone x3  
  41  9:01  Drone x3  
  46  9:19  Queen x2  
  46  9:24  Hydralisk x2  
  50  9:26  Zergling x6  
  50  9:27  Overlord x3  
  50  9:29  Overlord  
  57  9:48  Hydralisk x3  
  57  9:50  Zergling x2  
  57  9:51  Zergling x8  
  68  9:56  Overlord  
  68  10:08  Drone  
  68  10:09  Drone x4  
  73  10:21  Queen, Infestation Pit, Burrow  
  74  10:22  Queen  
  76  10:31  Hydralisk  
  76  10:32  Hydralisk x4  
  76  10:33  Hydralisk  
  88  10:40  Evolution Chamber  
  87  10:45  Evolution Chamber  
  87  10:48  Hydralisk  
  87  10:49  Hydralisk x2  
  90  10:55  Drone x2  
  90  10:56  Queen  
  96  10:58  Drone  
  96  10:59  Overlord x2  
  96  11:00  Overlord x4  
  97  11:05  Extractor  
  97  11:07  Extractor  
  95  11:13  Zerg Ground Armor Level 1, Zerg Missile Weapons Level 1  
  95  11:31  Infestor  
  97  11:34  Drone  
  97  11:35  Drone x2  
  97  11:36  Drone x2  
  97  11:37  Drone  
  103  11:40  Zergling x6  
  106  11:47  Roach Warren  
  105  11:57  Overseer x2  
  105  12:19  Swarm Host x6  
  105  12:21  Nydus Network  
  122  12:44  Swarm Host x5  
  122  12:45  Overlord  
  122  12:46  Overlord x5  
  122  12:48  Hatchery  
  136  12:58  Overlord  
  136  13:07  Nydus Canal  
  136  13:17  Overseer  
  136  13:22  Hydralisk x6  
  136  13:23  Hydralisk x3  
  139  13:58  Overlord, Nydus Canal  
  139  13:59  Overlord x3  
  139  14:04  Hydralisk  
  139  14:05  Hydralisk x4  
  139  14:32  Hydralisk x2  
  139  14:33  Hydralisk x6  
  134  14:52  Hydralisk x7  
  110  14:53  Hydralisk  
  108  15:06  Pneumatized Carapace  
  100  15:11  Hydralisk x3  
  23  16:09  Hatchery  
  22  16:23  Hatchery  
  19  17:31  Drone  
  20  17:43  Drone  
  21  18:19  Spawning Pool  
  20  18:22  Extractor  
  20  18:26  Extractor  
  19  18:34  Drone x3  
  19  18:36  Drone x3  
Show
View Real Time Build Order
Export as new Build Order

Munabi Protoss 

Build Orders: Nexus First 

Get SALT Encoding   

  12  0:02  Probe (Chrono Boost)  
  13  0:12  Probe (Chrono Boost)  
  14  0:20  Pylon  
  14  0:23  Probe (Chrono Boost)  
  15  0:39  Probe (Chrono Boost)  
  16  0:49  Probe (Chrono Boost)  
  17  1:02  Nexus  
  17  1:07  Probe (Chrono Boost)  
  18  1:17  Probe (Chrono Boost)  
  19  1:24  Gateway  
  19  1:28  Probe (Chrono Boost)  
  19  1:32  Forge  
  20  1:38  Probe (Chrono Boost)  
  21  1:47  Pylon  
  21  1:49  Probe (Chrono Boost)  
  22  1:56  Assimilator  
  22  1:59  Probe (Chrono Boost)  
  22  2:01  Assimilator  
  23  2:10  Probe (Chrono Boost)  
  23  2:14  Probe (Chrono Boost)  
  25  2:16  Assimilator  
  25  2:20  Probe (Chrono Boost)  
  26  2:22  Assimilator  
  26  2:25  Probe (Chrono Boost)  
  26  2:27  Cybernetics Core  
  27  2:40  Pylon  
  27  2:43  Probe x2 (Chrono Boost)  
  29  2:53  Probe x2 (Chrono Boost)  
  31  3:04  Probe x2 (Chrono Boost)  
  33  3:12  Stargate  
  33  3:14  Probe x2 (Chrono Boost)  
  35  3:25  Probe x2 (Chrono Boost)  
  37  3:29  Stargate  
  37  3:32  Pylon  
  37  3:42  Stargate  
  37  3:45  Pylon  
  37  3:51  Stargate  
  37  3:57  Probe (Chrono Boost)  
  37  4:00  Probe (Chrono Boost)  
  39  4:08  Mothership Core (Chrono Boost)  
  41  4:10  Photon Cannon  
  41  4:11  Phoenix  
  43  4:21  Void Ray  
  47  4:29  Pylon  
  47  4:30  Pylon  
  47  4:31  Probe x2 (Chrono Boost)  
  49  4:37  Void Ray  
  53  4:57  Void Ray  
  57  5:01  Probe (Chrono Boost)  
  57  5:02  Probe (Chrono Boost)  
  57  5:06  Protoss Air Weapons Level 1  
  59  5:12  Probe x2 (Chrono Boost)  
  61  5:17  Void Ray  
  65  5:23  Probe x2 (Chrono Boost)  
  67  5:33  Probe x2 (Chrono Boost)  
  69  5:42  Void Ray x2  
  77  5:44  Probe (Chrono Boost)  
  78  5:55  Photon Cannon  
  78  5:57  Photon Cannon  
  78  5:59  Photon Cannon x2  
  78  6:02  Pylon  
  78  6:08  Void Ray  
  71  6:48  Phoenix x3  
  71  6:51  Phoenix  
  79  7:04  Fleet Beacon  
  79  7:15  Void Ray, Phoenix  
  85  7:27  Protoss Air Armor Level 1  
  85  7:33  Pylon  
  85  7:36  Phoenix  
  87  7:37  Pylon  
  87  7:39  Pylon  
  87  7:42  Probe (Chrono Boost)  
  88  7:53  Probe (Chrono Boost)  
  89  8:01  Photon Cannon  
  89  8:03  Photon Cannon  
  89  8:04  Probe (Chrono Boost), Photon Cannon  
  90  8:06  Photon Cannon  
  90  8:08  Photon Cannon x2  
  90  8:12  Assimilator  
  90  8:13  Assimilator  
  90  8:16  Pylon  
  90  8:17  Pylon  
  90  8:19  Carrier  
  96  8:33  Pylon  
  96  8:34  Photon Cannon  
  96  8:35  Pylon  
  96  8:37  Photon Cannon  
  76  9:14  Carrier x3  
  94  9:30  Graviton Catapult  
  76  10:16  Carrier  
  76  10:19  Mothership Core (Chrono Boost)  
  84  10:27  Nexus  
  78  10:40  Carrier  
  84  10:48  Protoss Air Weapons Level 2  
  70  11:28  Nexus  
  70  11:30  Pylon  
  70  11:31  Carrier x2  
  82  11:33  Pylon  
  82  11:35  Pylon  
  82  11:58  Pylon  
  82  11:59  Pylon  
  82  12:02  Pylon  
  82  12:03  Photon Cannon  
  82  12:09  Photon Cannon  
  82  12:13  Photon Cannon  
  82  12:14  Photon Cannon  
  82  12:15  Photon Cannon  
  82  12:17  Carrier  
  52  13:36  Forge  
  52  13:39  Pylon  
  52  13:43  Pylon  
  52  13:55  Forge  
  46  14:04  Gateway  
  30  14:14  Photon Cannon  
  30  14:15  Photon Cannon x2  
  30  14:16  Photon Cannon x3  
  23  14:23  Probe (Chrono Boost)  
  24  14:33  Probe (Chrono Boost)  
  25  14:44  Probe (Chrono Boost)  
  26  14:55  Probe (Chrono Boost)  
  27  15:03  Cybernetics Core  
  27  15:05  Probe (Chrono Boost)  
  28  15:08  Photon Cannon  
  28  15:16  Probe (Chrono Boost)  
  29  15:42  Stargate  
  29  15:45  Stargate  
  29  15:46  Stargate x2  
  29  15:49  Stargate  
  29  15:51  Stargate  
  29  15:57  Stargate  
  29  15:58  Stargate  
  29  16:00  Probe (Chrono Boost), Photon Cannon  
  29  16:02  Photon Cannon  
  29  16:03  Photon Cannon  
  29  16:04  Photon Cannon  
  30  16:05  Pylon  
  30  16:06  Pylon  
  30  16:11  Probe (Chrono Boost)  
  31  16:26  Carrier  
  37  16:42  Tempest  
  43  16:49  Tempest  
  43  16:54  Tempest  
  55  17:07  Mothership Core (Chrono Boost)  
  57  17:16  Carrier  
  61  17:31  Void Ray  
  56  18:02  Phoenix x2  
Show
View Real Time Build Order
Export as new Build Order

Sharif Zerg 

Build Orders: Hatch First 

Get SALT Encoding   

  12  0:04  Drone  
  13  0:15  Drone  
  13  0:18  Overlord  
  14  0:38  Drone x3  
  17  0:56  Drone  
  18  1:10  Hatchery  
  18  1:11  Extractor  
  16  1:14  Drone x2, Extractor  
  17  1:24  Spawning Pool  
  16  1:26  Drone  
  17  1:47  Drone x2  
  19  2:09  Drone x2  
  21  2:19  Drone  
  21  2:20  Hatchery  
  21  2:27  Drone  
  22  2:37  Queen  
  24  2:49  Queen  
  26  2:54  Drone  
  26  2:55  Drone  
  28  2:58  Overlord  
  28  3:08  Roach Warren  
  28  3:09  Drone  
  28  3:22  Drone  
  28  3:23  Drone x4  
  28  3:24  Drone  
  34  3:33  Queen  
  36  3:42  Lair  
  36  3:51  Drone x2  
  36  3:54  Drone x3  
  41  3:58  Drone  
  41  4:01  Overlord  
  42  4:15  Spore Crawler  
  41  4:21  Spore Crawler  
  41  4:23  Drone  
  41  4:31  Extractor  
  41  4:32  Extractor  
  41  4:34  Drone x3  
  41  4:35  Drone x2  
  44  4:40  Drone  
  44  4:41  Drone  
  44  4:43  Drone  
  44  4:44  Drone x3  
  50  4:50  Overlord x2  
  50  4:51  Overlord  
  50  4:52  Overlord  
  50  5:00  Glial Reconstitution  
  50  5:13  Drone x5  
  50  5:14  Drone x5  
  60  5:31  Spore Crawler  
  59  5:38  Roach  
  59  5:39  Roach x10  
  81  5:43  Overlord  
  81  5:46  Overseer  
  81  5:52  Pneumatized Carapace  
  81  6:02  Roach x4  
  89  6:05  Overlord  
  89  6:18  Tunneling Claws  
  89  6:19  Burrow  
  89  6:27  Roach  
  89  6:28  Roach x3  
  89  6:31  Overlord x3  
  89  6:32  Overlord x3  
  95  6:57  Spore Crawler  
  95  7:00  Spore Crawler  
  93  7:07  Spore Crawler  
  92  7:10  Drone x2  
  92  7:11  Drone x4  
  92  7:15  Extractor  
  97  7:19  Extractor  
  96  7:23  Overseer x2  
  96  7:29  Overseer  
  96  7:38  Nydus Network  
  95  7:44  Evolution Chamber  
  95  7:45  Drone, Evolution Chamber  
  95  7:46  Drone x3, Evolution Chamber  
  96  7:57  Spore Crawler  
  95  8:00  Drone x2  
  95  8:01  Drone  
  98  8:08  Roach  
  98  8:09  Roach x12  
  98  8:10  Roach  
  126  8:22  Hydralisk Den  
  125  8:31  Roach x3  
  125  8:32  Roach  
  133  8:49  Zerg Missile Weapons Level 1  
  133  8:50  Zerg Melee Weapons Level 1  
  133  9:17  Nydus Canal  
  133  9:28  Hydralisk x5  
  133  9:29  Hydralisk  
  145  9:31  Muscular Augments  
  145  9:32  Overlord x3  
  139  10:15  Nydus Canal  
  139  10:18  Hydralisk  
  139  10:19  Hydralisk x7  
  139  10:20  Hydralisk x3  
  161  10:29  Overseer  
  105  11:32  Nydus Canal  
  105  11:37  Hydralisk x7  
  105  11:38  Hydralisk x13  
  95  12:33  Hydralisk x7  
  95  12:34  Hydralisk x8  
  125  12:37  Zerg Missile Weapons Level 2  
  125  12:39  Zerg Ground Armor Level 1  
  125  12:40  Zerg Melee Weapons Level 2  
  125  12:59  Hatchery  
  125  13:01  Nydus Canal  
  125  13:03  Extractor  
  119  13:24  Roach  
  119  13:25  Roach x11  
  135  13:50  Roach  
  135  13:51  Roach x4  
  141  14:46  Overlord x3  
  141  14:47  Overlord x3  
  141  14:57  Hydralisk x14  
  139  15:02  Roach x9  
  101  15:30  Hydralisk x14  
  101  15:40  Roach x8  
  101  15:41  Roach  
  83  16:10  Hydralisk  
  83  16:11  Hydralisk x13  
  69  16:12  Hydralisk x2  
  74  16:55  Hydralisk x5  
  74  16:56  Hydralisk  
  86  17:19  Spore Crawler  
  86  17:20  Spore Crawler  
  84  17:22  Spore Crawler  
  84  17:23  Spore Crawler  
  84  17:25  Spore Crawler x3  
  84  17:26  Spore Crawler  
  84  17:27  Spore Crawler  
  77  17:30  Spore Crawler  
  77  17:31  Spore Crawler x2  
  77  17:32  Spore Crawler x2  
  77  17:36  Spore Crawler  
  71  17:39  Spore Crawler  
  71  17:43  Spore Crawler, Hydralisk x4  
  71  17:44  Hydralisk  
  73  17:45  Spore Crawler x3  
Show
View Real Time Build Order
Export as new Build Order

Wonderbread Terran - Winner!

Build Orders: MMM Bio 

Get SALT Encoding   

  12  0:01  SCV  
  13  0:13  SCV  
  14  0:22  Supply Depot  
  14  0:25  SCV  
  15  0:44  SCV  
  15  0:45  Barracks  
  16  0:50  Refinery  
  16  0:56  SCV  
  17  1:08  SCV  
  18  1:25  SCV  
  19  1:37  Orbital Command  
  19  1:39  Barracks Reactor  
  19  1:41  Refinery  
  19  1:49  Command Center  
  19  2:03  SCV  
  19  2:05  Supply Depot  
  20  2:15  Factory  
  20  2:19  SCV  
  21  2:26  Marine x2  
  23  2:40  Barracks  
  23  2:44  Marine x2  
  23  2:45  SCV  
  26  2:57  SCV  
  27  3:03  Factory Tech Lab  
  27  3:07  Supply Depot  
  27  3:09  SCV, Marine x2  
  30  3:22  SCV  
  30  3:25  Orbital Command  
  31  3:34  Siege Tank, SCV  
  32  3:38  Barracks Tech Lab  
  35  3:43  Supply Depot  
  35  3:55  Engineering Bay  
  35  3:56  SCV  
  35  4:00  Stimpack  
  35  4:01  Marine  
  37  4:04  Marine  
  37  4:05  Marine  
  37  4:08  SCV  
  40  4:22  Terran Infantry Weapons Level 1  
  40  4:25  Missile Turret  
  40  4:28  Siege Tank  
  40  4:29  Starport  
  43  4:34  SCV  
  43  4:37  SCV  
  45  4:43  Missile Turret, Marine x2  
  47  4:45  Marine  
  47  4:49  Orbital Command  
  48  4:54  SCV  
  49  5:00  Barracks  
  49  5:11  SCV  
  50  5:17  SCV  
  51  5:21  Refinery  
  51  5:23  SCV  
  51  5:27  Starport Reactor  
  52  5:30  SCV  
  52  5:33  Missile Turret  
  52  5:35  SCV  
  54  5:42  SCV  
  55  5:43  Marine x3  
  55  5:48  Barracks Reactor  
  58  5:54  SCV x2  
  60  6:00  Marine  
  60  6:01  Missile Turret, Combat Shields  
  61  6:04  Marine  
  61  6:11  Supply Depot  
  62  6:13  Supply Depot  
  62  6:15  Refinery  
  62  6:23  SCV x2, Marine x2  
  66  6:26  Medivac x2  
  66  6:29  Command Center  
  66  6:31  Supply Depot  
  70  6:33  Supply Depot  
  70  6:34  Marine x3  
  73  6:40  Armory  
  73  6:49  Marine  
  73  6:50  Marine  
  73  6:52  Marine  
  76  6:56  Medivac x2  
  76  6:58  Supply Depot  
  80  7:16  Siege Tank  
  80  7:21  Barracks  
  83  7:24  Marine x3  
  83  7:25  Marine x2  
  83  7:29  Medivac  
  90  7:42  Marine x4  
  90  7:43  Marauder  
  89  8:17  Marine x4  
  89  8:18  Marine x2  
  89  8:19  Medivac x2  
  99  8:20  Siege Tank  
  102  8:35  Marine x5  
  106  8:45  Marine  
  106  8:53  Marine x4  
  96  9:05  Marine  
  96  9:08  Barracks Reactor  
  86  9:11  Marine x4  
  86  9:12  Orbital Command  
  86  9:14  Barracks  
  88  9:23  Marine  
  89  9:25  Missile Turret  
  89  9:26  Missile Turret  
  89  9:27  Missile Turret  
  89  9:32  Missile Turret, Terran Infantry Armor Level 1  
  89  9:36  Engineering Bay  
  89  9:38  Medivac x2  
  83  9:59  Marine x3  
  84  10:00  Marine x4  
  84  10:04  Terran Infantry Weapons Level 2  
  89  10:08  Medivac  
  91  10:16  SCV x2  
  91  10:17  Marine x4  
  97  10:26  Marine x3  
  97  10:28  SCV x2  
  101  10:32  Refinery  
  101  10:34  Refinery  
  101  10:35  Viking, Marine x3  
  106  10:38  Viking  
  106  10:40  SCV  
  110  10:51  SCV, Marine x2  
  109  11:36  Marine x6  
  109  11:37  Marine  
  116  11:54  Marine x2  
  116  11:57  Command Center  
  102  12:30  Barracks  
  102  12:31  Barracks x2  
  102  12:53  Supply Depot  
  102  13:07  Marine  
  102  13:09  Marine x4  
  106  13:25  Marine  
  106  13:27  Marine x4  
  101  13:43  Marine  
  101  13:44  Marine x4  
  104  14:01  Marine  
  104  14:02  Marine x4  
  97  14:18  Marine  
  86  14:25  Marine x3  
  86  14:26  Marine  
  90  14:36  Marine  
  85  15:11  Marine x5  
  76  15:29  Marine x5  
  76  15:33  Orbital Command  
  76  15:34  Liberator x2  
  81  15:47  Marine x5  
  92  15:59  Siege Tank  
  85  16:04  Marine x2  
  85  16:05  Marine x3  
  70  16:17  Liberator x2  
  64  16:22  Marine x4  
  64  16:23  Marine  
  69  16:31  Siege Tank  
  72  16:33  Barracks Reactor x2  
  72  16:34  Barracks Tech Lab  
  72  16:39  Barracks  
  78  16:40  Marine x5  
  83  16:48  SCV x3  
  86  16:58  Marauder, Marine x5  
  93  17:12  Marine x4  
  97  17:16  Marine x5  
  97  17:20  Marauder  
  97  17:21  Refinery  
  97  17:22  Refinery, Command Center  
  104  17:25  Starport  
  104  17:27  Starport  
  104  17:30  Marine x4  
  104  17:33  Marine  
  104  17:34  Marauder, Marine x3  
  114  17:41  Marine  
  115  17:48  Marine x4  
  119  17:51  Marine x3  
  119  17:52  Marine  
  119  17:56  Marauder  
  125  18:10  Supply Depot  
  125  18:11  Supply Depot x3  
  125  18:12  Supply Depot  
  125  18:15  Supply Depot  
  125  18:28  Marine x3  
  125  18:30  Marine  
  125  18:31  Marine x5  
Show
View Real Time Build Order
Export as new Build Order

bobsaget Protoss - Winner!

Build Orders: Oracle Opening 

Get SALT Encoding   

  12  0:04  Probe (Chrono Boost)  
  13  0:15  Probe (Chrono Boost)  
  14  0:24  Pylon  
  14  0:27  Probe (Chrono Boost)  
  15  0:43  Probe (Chrono Boost)  
  15  0:47  Gateway  
  15  0:49  Assimilator  
  16  0:53  Probe (Chrono Boost)  
  17  1:02  Forge  
  18  1:04  Probe (Chrono Boost)  
  18  1:14  Probe (Chrono Boost)  
  19  1:25  Probe (Chrono Boost), Pylon  
  20  1:36  Cybernetics Core  
  20  1:37  Probe (Chrono Boost)  
  21  1:44  Photon Cannon  
  21  1:49  Probe (Chrono Boost)  
  22  1:59  Probe (Chrono Boost)  
  23  2:10  Pylon  
  23  2:28  Stargate  
  24  2:35  Probe (Chrono Boost)  
  24  2:36  Photon Cannon  
  24  2:39  Photon Cannon  
  24  2:41  Assimilator  
  24  2:46  Probe (Chrono Boost)  
  25  2:57  Probe (Chrono Boost)  
  26  3:07  Probe (Chrono Boost)  
  27  3:17  Probe (Chrono Boost), Oracle (Chrono Boost)  
  31  3:29  Probe (Chrono Boost)  
  32  3:40  Probe (Chrono Boost)  
  33  3:50  Probe (Chrono Boost)  
  34  4:01  Probe (Chrono Boost)  
  35  4:07  Nexus  
  35  4:22  Stargate  
  35  4:24  Probe (Chrono Boost), Stargate  
  36  4:37  Probe (Chrono Boost)  
  37  4:41  Phoenix (Chrono Boost)  
  39  4:50  Pylon x2  
  39  5:01  Nexus  
  39  5:08  Probe  
  39  5:11  Phoenix (Chrono Boost)  
  42  5:19  Phoenix (Chrono Boost)  
  42  5:20  Probe  
  45  5:32  Probe  
  48  5:44  Probe, Phoenix (Chrono Boost)  
  49  5:54  Phoenix (Chrono Boost)  
  49  5:56  Probe  
  52  6:08  Probe  
  55  6:11  Phoenix (Chrono Boost)  
  55  6:20  Probe  
  58  6:25  Phoenix (Chrono Boost)  
  57  6:32  Probe  
  57  6:51  Phoenix (Chrono Boost)  
  59  6:58  Probe  
  59  6:59  Probe  
  61  7:02  Pylon  
  61  7:05  Pylon  
  63  7:09  Probe  
  63  7:10  Assimilator, Phoenix (Chrono Boost)  
  63  7:11  Probe  
  63  7:13  Assimilator  
  65  7:20  Probe  
  66  7:23  Probe  
  67  7:31  Probe (Chrono Boost)  
  67  7:35  Probe x2 (Chrono Boost)  
  70  7:37  Phoenix  
  70  7:38  Phoenix  
  70  7:43  Probe (Chrono Boost)  
  75  7:45  Probe (Chrono Boost)  
  75  7:46  Probe (Chrono Boost), Photon Cannon x2  
  75  7:48  Photon Cannon  
  75  7:49  Photon Cannon x2  
  75  7:50  Photon Cannon  
  77  7:52  Photon Cannon  
  77  7:53  Probe (Chrono Boost), Photon Cannon  
  76  7:59  Phoenix  
  78  8:12  Phoenix (Chrono Boost)  
  78  8:17  Phoenix (Chrono Boost)  
  81  8:20  Probe (Chrono Boost)  
  81  8:28  Probe (Chrono Boost)  
  81  8:29  Probe (Chrono Boost)  
  81  8:30  Probe (Chrono Boost)  
  84  8:41  Probe x2 (Chrono Boost)  
  80  9:02  Phoenix  
  80  9:03  Phoenix  
  80  9:05  Phoenix  
  86  9:24  Phoenix x2  
  90  9:33  Phoenix  
  90  9:36  Pylon  
  90  9:37  Pylon  
  92  9:38  Pylon  
  92  9:39  Nexus  
  92  9:42  Pylon, Assimilator  
  92  9:43  Assimilator  
  92  9:45  Photon Cannon  
  92  9:46  Phoenix x2  
  92  9:48  Photon Cannon  
  92  9:49  Photon Cannon  
  92  9:51  Pylon  
  96  9:53  Assimilator  
  96  9:55  Mothership Core (Chrono Boost)  
  96  9:58  Assimilator  
  98  10:22  Phoenix x2  
  98  10:25  Phoenix  
  104  10:41  Photon Cannon  
  104  10:42  Photon Cannon  
  104  10:43  Photon Cannon  
  104  10:46  Photon Cannon  
  104  10:50  Phoenix  
  98  11:24  Void Ray, Nexus  
  98  11:30  Void Ray  
  98  11:32  Pylon  
  106  11:34  Pylon  
  106  11:40  Assimilator  
  106  11:44  Void Ray  
  106  11:50  Pylon  
  106  11:52  Pylon  
  110  12:00  Pylon  
  110  12:01  Void Ray, Pylon  
  113  12:12  Void Ray  
  115  12:21  Void Ray  
  119  12:39  Void Ray  
  123  12:55  Void Ray  
  121  12:59  Void Ray  
  117  13:16  Void Ray  
  115  13:36  Void Ray  
  115  13:38  Void Ray  
  107  13:53  Void Ray  
  111  14:13  Void Ray  
  111  14:21  Void Ray  
  119  14:33  Phoenix  
  117  14:41  Photon Cannon  
  117  14:42  Photon Cannon  
  117  14:45  Assimilator  
  117  14:49  Assimilator  
  117  14:50  Void Ray  
  117  14:52  Void Ray  
  125  15:04  Phoenix  
  123  15:28  Void Ray  
  123  15:29  Void Ray x2  
  135  16:07  Phoenix  
  135  16:09  Phoenix  
  137  16:12  Phoenix  
  141  16:29  Phoenix  
  141  16:31  Phoenix  
  143  16:37  Phoenix  
  147  17:05  Void Ray  
  145  17:12  Void Ray  
  147  17:56  Phoenix  
Show
View Real Time Build Order
Export as new Build Order

Slugger Protoss - Winner!

Build Orders:  

Get SALT Encoding   

  12  0:02  Probe (Chrono Boost)  
  13  0:13  Probe (Chrono Boost)  
  14  0:23  Probe (Chrono Boost)  
  15  0:36  Pylon  
  15  0:54  Probe (Chrono Boost)  
  15  0:56  Gateway  
  16  1:00  Gateway  
  16  1:04  Probe (Chrono Boost)  
  16  1:10  Gateway  
  17  1:15  Probe (Chrono Boost)  
  18  1:28  Assimilator  
  18  1:30  Probe (Chrono Boost)  
  19  1:38  Forge  
  19  1:41  Probe (Chrono Boost)  
  19  1:42  Assimilator  
  20  1:47  Cybernetics Core  
  20  1:55  Pylon  
  20  1:58  Probe (Chrono Boost)  
  21  2:09  Probe (Chrono Boost)  
  21  2:12  Pylon  
  22  2:19  Probe (Chrono Boost)  
  23  2:24  Stalker  
  23  2:27  Stalker  
  27  2:35  Stalker  
  29  2:54  Stalker  
  29  2:57  Stalker  
  33  3:05  Stalker  
  35  3:24  Stalker  
  37  3:27  Stalker  
  39  3:40  Pylon  
  39  3:58  Stalker  
  39  4:01  Nexus  
  41  4:07  Protoss Ground Weapons Level 1 (Chrono Boost)  
  41  4:17  Probe  
  42  4:29  Probe  
  43  4:41  Probe  
  44  4:53  Probe  
  45  5:05  Probe  
  46  5:17  Probe  
  46  5:18  Stargate  
  47  5:24  Stargate  
  47  5:30  Probe  
  48  5:42  Probe  
  49  5:54  Probe  
  50  6:15  Void Ray  
  50  6:16  Void Ray  
  54  6:26  Probe  
  54  6:30  Assimilator  
  53  6:37  Assimilator  
  53  6:38  Probe  
  44  6:50  Probe  
  44  6:51  Stargate  
  44  6:52  Protoss Air Weapons Level 1  
  43  6:57  Probe  
  43  6:58  Void Ray  
  48  7:02  Probe  
  48  7:08  Probe  
  49  7:14  Probe  
  51  7:16  Protoss Shields Level 1 (Chrono Boost)  
  51  7:18  Probe  
  52  7:26  Probe  
  52  7:29  Probe  
  53  7:36  Fleet Beacon  
  54  7:39  Probe  
  55  8:04  Void Ray  
  59  8:08  Nexus  
  59  8:12  Pylon  
  59  8:15  Pylon  
  59  8:19  Pylon  
  59  8:24  Pylon  
  59  8:30  Void Ray x2  
  67  8:44  Cybernetics Core  
  67  8:46  Void Ray  
  71  8:54  Probe  
  72  8:59  Assimilator  
  72  9:01  Assimilator  
  72  9:06  Probe  
  72  9:08  Graviton Catapult  
  73  9:13  Void Ray x2  
  81  9:18  Probe  
  81  9:21  Probe  
  83  9:27  Protoss Air Weapons Level 2  
  83  9:30  Probe  
  84  9:31  Probe  
  85  9:43  Probe  
  86  9:54  Twilight Council  
  86  9:55  Protoss Air Armor Level 1  
  86  10:07  Carrier  
  92  10:25  Carrier  
  98  10:30  Probe  
  52  11:28  Carrier  
  58  11:33  Carrier  
  58  11:36  Protoss Shields Level 2 (Chrono Boost)  
  58  11:38  Nexus  
  64  11:45  Pylon  
  64  11:50  Carrier  
  70  12:13  Probe  
  71  12:21  Photon Cannon  
  71  12:23  Probe, Photon Cannon  
  71  12:24  Photon Cannon  
  71  12:27  Photon Cannon  
  72  12:34  Probe  
  72  12:36  Stargate  
  73  12:49  Protoss Air Weapons Level 3 (Chrono Boost)  
  73  12:50  Protoss Air Armor Level 2 (Chrono Boost)  
  73  12:54  Carrier  
  73  12:57  Mothership Core  
  81  13:17  Probe  
  82  13:24  Carrier  
  88  13:28  Probe  
  88  13:33  Carrier  
  95  13:38  Probe  
  96  13:49  Probe  
  97  14:01  Carrier  
  103  14:19  Carrier  
  109  14:59  Carrier  
  115  15:19  Carrier  
  109  16:45  Carrier  
  115  16:52  Pylon  
  115  16:53  Pylon  
  115  16:58  Pylon  
  115  17:00  Pylon  
  115  17:02  Pylon  
  115  17:09  Carrier  
  115  17:11  Carrier  
  127  17:16  Carrier  
Tags
 
Add a new tag
Caveats
  • Supply blocks, unpowered buildings, or Contaminate may cause inaccurate times.
  • Supply counts are checked every 10 seconds.